 Dungeon Crawl Stone Soup version 0.30-a0-857-gcaf70739d4 (webtiles) character file.

Game seed: 7090955381541369654

142 oldriver the Chopper (level 5, -1/47 HPs)
             Began as a Meteoran Fighter on Mar 5, 2023.
             Was an Initiate of Ru.
             Slain by Menkaure (9 damage)
             ... on level 4 of the Dungeon.
             The game lasted 00:06:51 (1579 turns).

oldriver the Chopper (Meteoran Fighter)             Turns: 1579, Time: 00:06:51

Health: -1/47      AC: 10    Str: 19    XL:     5   Next: 79%
Magic:  6/6        EV:  9    Int:  9    God:    Ru [......]
Gold:   166        SH:  5    Dex: 14    Spells: 4/4 levels left

rFire   . . .      SeeInvis .    a - +1 war axe
rCold   . . .      Faith    .    c - +0 buckler
rNeg    . . .      Spirit   .    b - +0 scale mail
rPois   .          Reflect  .    (no helmet)
rElec   .          Rampage  .    (no cloak)
rCorr   .                        (no gloves)
Will    .....                    (no boots) Stlth
                                 p - amulet of regeneration
HPRegen 1.07/turn                k - +4 ring of protection
MPRegen 0.10/turn                i - ring of flight

@: flying, glowing
A: sense surroundings 1, otherworldly, glowing, explore regen
a: Renounce Religion


You were on level 4 of the Dungeon.
You worshipped Ru.
Ru was noncommittal.
You visited 1 branch of the dungeon, and saw 4 of its levels.

You collected 166 gold pieces.

Inventory:

Hand Weapons
 a - a +1 war axe (weapon)
Armour
 b - a +0 scale mail (worn)
 c - a +0 buckler (worn)
Jewellery
 i - a ring of flight (right hand)
 k - a +4 ring of protection (left hand)
 p - an amulet of regeneration (around neck)
Scrolls
 e - a scroll of vulnerability
 f - 4 scrolls of identify
 l - a scroll of teleportation
Potions
 d - a potion of might
 g - 2 potions of mutation {unknown}
 h - a potion of heal wounds {unknown}
 m - 2 potions of haste
 q - 2 potions of lignification {unknown}


   Skills:
 + Level 4.4 Fighting
 * Level 5.4 Axes
 - Level 3.6 Armour
 - Level 3.6 Shields


You had 4 spell levels left.
You didn't know any spells.
Your spell library contained the following spells:

 Spells                   Type           Power      Damage    Failure   Level
 Apportation              Tloc           0%         N/A       83%         1
 Blink                    Tloc           0%         N/A       93%         2
 Lesser Beckoning         Tloc           0%         N/A       93%         2
 Momentum Strike          Conj/Tloc      0%         3d8       93%         2
 Call Canine Familiar     Summ           0%         N/A       99%         3
 Portal Projectile        Hex/Tloc       0%         N/A       99%         3
 Leda's Liquefaction      Hex/Erth       0%         N/A       100%        4
 Alistair's Intoxication  Tmut/Pois      0%         N/A       100%        5


Dungeon Overview and Level Annotations

Branches:
Dungeon (4/15) Zot: 768
 Temple: D:4-7

Altars:
Ru

Shops:
D:1 [

Annotations:
D:4 Menkaure


Innate Abilities, Weirdness & Mutations

You passively map a small area around you.
You are easily found by Zot.
You glow in the dark.
You regain HP and MP as you explore.


Message History

You closely miss the adder.
The adder is heavily wounded.
You block the adder's attack.
You closely miss the adder.
The adder is heavily wounded.
The adder bites you but does no damage. The adder bites you.
You slash the adder!
You kill the adder!
You feel your willpower return.
You see here a giant cockroach corpse.
You hear the slow rusting of a very distant drain.
g - 2 coppery potions (gained 1)
A ball python comes into view.
The ball python hisses angrily.
Menkaure, Prince of Dust comes into view.
Menkaure shouts!
You aren't carrying any items that you can evoke.
Menkaure points at you and mumbles some strange words.
Pain shoots through your body!
You reach down and open the door.
The ball python bites you but does no damage.
The ball python grabs you. The ball python constricts you.
You escape the ball python's grasp.
Menkaure calls on the powers of darkness!
Your body is wracked with pain!
The ball python closely misses you. The ball python grabs you.
The ball python constricts you.
There is an open door here.
You barely miss the ball python.
The ball python bites you but does no damage.
The ball python constricts you.
The ball python bites you but does no damage.
The ball python constricts you.
You hit the ball python.
You kill the ball python!
Menkaure hits you!!
* * * LOW HITPOINT WARNING * * *
You slash Menkaure!
Menkaure is moderately damaged.
Menkaure hits you!
You die...

##########
.........########### , ,
########...........#*
..## #...........# # ...#
#...........##.##
...#####................
.......#................
,
.......#.†#####.........
,, .......#..#
#^'.@M......
.......#†.###.#.........
, ,
'######.....#+#.........
........................
,
.....................###
..........#............,,
.......(..#.....#####...
..........#.....# ...
..........# #+#. , ~


You could see Menkaure.

Vanquished Creatures
  A jelly (D:4)
  A hound (D:3)
  An adder (D:4)
  An adder zombie (D:2)
  A worm (D:3)
  A bat (D:1)
  A bat skeleton (D:2)
  4 endoplasms
  6 giant cockroaches
  6 hobgoblins
  8 kobolds
  3 quokkas
  10 ball pythons
  2 ball python skeletons (D:2)
  A ball python zombie (D:2)
  2 frilled lizards
  A giant cockroach zombie (D:2)
  6 goblins
  2 quokka zombies (D:2)
  6 rats
64 creatures vanquished.

Notes
Turn   | Place    | Note
-------+----------+-------------------------------------------
     0 | D:1      | oldriver the Meteoran Fighter began the quest for the Orb.
     0 | D:1      | Reached XP level 1. HP: 19/19 MP: 2/2
   142 | D:1      | Reached XP level 2. HP: 16/26 MP: 3/3
   146 | D:1      | Found Atemm's Armour Shoppe.
   150 | D:1      | Reached skill level 3 in Axes
   275 | D:1      | Reached XP level 3. HP: 31/31 MP: 4/4
   786 | D:2      | Reached skill level 4 in Axes
   848 | D:2      | Reached XP level 4. HP: 33/40 MP: 5/5
  1240 | D:3      | Found a sacrificial altar of Ru.
  1247 | D:3      | Reached XP level 5. HP: 40/46 MP: 6/6
  1254 | D:3      | Became a worshipper of Ru the Awakened
  1548 | D:4      | Reached skill level 5 in Axes
  1570 | D:4      | Noticed Menkaure
  1579 | D:4      | Slain by Menkaure

Illustrated notes

Levels and vault maps discovered:
D:1:      nicolae_arrival_somewhat_less_tricky_arrival, layout_loops_ring,
          serial_shops, shop, hangedman_feature_mirror, item_on_display_a
D:2:      layout_loops_cross, serial_undead, serial_undead_e, serial_undead_a,
          serial_undead_e, serial_undead_a, kennysheep_generic_room_11
D:3:      cheibrodos_old_hovel, layout_basic, mainiacjoe_overflow_alcove_2
D:4:      layout_basic, mainiacjoe_overflow_large_starburst, serial_glass,
          glass_columns_a, glass_columns_b, gup_sewer_entry_pipe, uniq_menkaure,
          uniq_sigmund, uniq_grinder

Skill      XL: |  1  2  3  4  5 |
---------------+----------------+-----
Axes           | 3 4 5 |  5.4
Fighting       | 4 |  4.4
Armour         | |  3.6
Shields        | |  3.6

Action                     |  1- 3 |  4- 6 || total
---------------------------+-------+-------++-------
  Melee: War axe           |    82 |    73 ||   155
    Use: Scroll            |       |     6 ||     6
 Armour: Scale mail        |    47 |    32 ||    79
  Dodge: Dodged            |    36 |    38 ||    74
  Block: Buckler           |    22 |    28 ||    50

Table legend: (Time is in decaauts)
 A = Elapsed time spent in this place.
 B = Non-inter-level travel time spent in this place.
 C = Inter-level travel time spent in this place.
 D = Time resting spent in this place.
 E = Time spent auto-exploring this place.
 F = Levels seen in this place.
 G = Mean time per level.
                   A        B        C        D        E       F      G
               +--------+--------+--------+--------+--------+-----+--------+
         Total |   1630 |   1547 |     83 |      0 |      0 |   4 |  407.5 |
       Dungeon |   1630 |   1547 |     83 |      0 |      0 |   4 |  407.5 |
               +--------+--------+--------+--------+--------+-----+--------+

Top non-repeatable levels by time:
     D:1: 556 daAuts
     D:3: 529 daAuts
     D:2: 471 daAuts
     D:4: 72 daAuts
